 Dungeon Sprint DCSS version 0.30-a0-121-gb27577e5d9 (webtiles) character file.

Game seed: 1136255858935745190

2198 rocky1 the Basher (level 9, -2/102 HPs)
             Began as an Ogre Gladiator on Sept 15, 2022.
             Was an Initiate of Gozag.
             Slain by a yak (16 damage)
             ... in the Dungeon (Sprint VII: "The Pits").
             The game lasted 00:06:24 (1468 turns).

rocky1 the Basher (Ogre Gladiator)                  Turns: 1468, Time: 00:06:24

Health: -2/102     AC:  3    Str: 24    XL:     9   Next: 34%
Magic:  9/9        EV: 13    Int:  9    God:    Gozag
Gold:   444        SH:  0    Dex: 16    Spells: 8/8 levels left

rFire   . . .      SeeInvis .    u - +2 morningstar (vorpal)
rCold   . . .      Faith    .    (no shield)
rNeg    . . .      Spirit   .    b - +0 robe
rPois   .          Reflect  .    c - +0 hat
rElec   .          Harm     .    (no cloak)
rCorr   .          Rampage  .    (gloves unavailable)
Will    .....      NoTele   +    (boots unavailable)
Stlth   +.........               (no amulet)
HPRegen 0.27/turn                l - +3 ring of dexterity
MPRegen 0.11/turn                o - +3 ring of dexterity

@: slowed, very slow
A: large, unfitting armour, tough skin 1
a: Renounce Religion, Potion Petition, Call Merchant, Bribe Branch


You were in the Dungeon.
You worshipped Gozag.
Gozag was aware of your devotion.
You visited 1 branch You collected 2142 gold pieces.
You spent 904 gold pieces at shops.
You paid 794 gold pieces to Gozag.

Inventory:

Hand Weapons
 a - a +0 flail
 g - a +2 vorpal flail
 p - a +0 hand axe of freezing
 q - a +0 giant club
 r - the +8 mithril axe "Arga" {speed, Will+}
   (You bought it in a shop in the Dungeon)

   Attacks with this weapon are significantly faster.
   Will:      It increases your willpower.
 u - a +2 vorpal morningstar (weapon)
Missiles
 d - 3 throwing nets
 e - a large rock (quivered)
Armour
 b - a +0 robe (worn)
 c - a +0 hat (worn)
Jewellery
 l - a +3 ring of dexterity (left hand)
 o - a +3 ring of dexterity (right hand)
Scrolls
 k - a scroll of blinking
 m - 5 scrolls of amnesia
 n - a scroll of summoning
Potions
 f - 8 potions of curing
 h - 2 potions of haste
 i - 4 potions of magic
 j - 2 potions of berserk rage
 s - 4 potions of heal wounds
 t - a potion of mutation


   Skills:
 + Level 10.6 Fighting
 + Level 2.3(10.4) Axes
 + Level 14.4 Maces & Flails
 - Level 2.0 Throwing
 + Level 6.5 Armour
 + Level 7.8 Dodging


You had 8 spell levels left.
You didn't know any spells.
Your spell library was empty.

Dungeon Overview and Level Annotations

Branches:
Dungeon (1/1)

Altars:
Ashenzari
Cheibriados
Dithmenos
Elyvilon
Fedhas
Gozag
Hepliaklqana
Kikubaaqudgha
Makhleb
Nemelex Xobeh
Okawaru
Qazlal
Ru
Sif Muna
Trog
Uskayaw
Vehumet
Wu Jian
Xom
Yredelemnul
Zin
The Shining One
Jiyva
Lugonu

Shops:
D *


Innate Abilities, Weirdness & Mutations

You are too large for most types of armour.
You have tough skin. (AC +1)


Message History

The yak is distracted by your dazzling golden aura.
You catch the helpless yak completely off-guard!
You impale the yak!!
The yak is no longer distracted by gold.
The yak is severely wounded.
The yak closely misses you.
You hit the yak but do no damage.
The yak is severely wounded.
The yak is distracted by your dazzling golden aura.
The yak completely misses you.
The yak bellows!
You puncture the yak!
You kill the yak!
The yak is no longer distracted by gold.
Your base Axes skill increases to level 2!
You thump the yak!
The yak is moderately wounded.
The yak gores you! x2
* * * LOW HITPOINT WARNING * * *
You hit the yak but do no damage.
The yak is moderately wounded.
The yak barely misses you.
You hit the yak but do no damage.
The yak is moderately wounded.
The yak misses you.
You barely miss the yak.
The yak is moderately wounded.
The yak closely misses you.
You puncture the yak!
The yak is severely wounded.
The yak barely misses you.
You completely miss the yak.
The yak is severely wounded.
The yak gores you!
* * * LOW HITPOINT WARNING * * *
You hit the yak but do no damage.
The yak is severely wounded.
The yak barely misses you. The yak gores you!
You die...
Your body crumbles into a pile of gold.

############ #_________.#
#_________.#
#_______...###########++####
##########'##...............
#.?(.')))'.##......#..#.....
##########.##...............
#.........)@YY..............
#'#####'#####......#..#.....
#.#..#..#..##...............
#.#..)..'..#####'#####''####
#.##+####'###.......##''#
#)#........##.......##W...
#[#........##.......##.....
#.#####'#####...<...##Y.Y..#
#[#..[.)...##.......##...###


You could see 2 yaks.

Vanquished Creatures
  A black mamba (D)
  A freezing wraith (D)
  A demonic crawler (D)
  A wind drake (D)
  A yak (D)
  3 floating eyes (D)
  2 orc warriors (D)
  2 ice beasts (D)
  An ogre (D)
  A phantom (D)
  A scorpion (D)
  2 quasits (D)
  2 orc wizards (D)
  A mummy (D)
  An adder (D)
  2 river rats (D)
  An adder skeleton (D)
  4 orcs (D)
  A frilled lizard (D)
  3 goblins (D)
  A quokka zombie (D)
33 creatures vanquished.

Notes
Turn   | Place    | Note
-------+----------+-------------------------------------------
     0 | D        | rocky1 the Ogre Gladiator began the quest for the Orb.
     0 | D        | Reached XP level 1. HP: 22/22 MP: 1/1
    18 | D        | Found a bloodstained altar of Trog.
    18 | D        | Found a shimmering blue altar of Sif Muna.
    18 | D        | Found a viscous altar of Jiyva.
    18 | D        | Found a hazy altar of Hepliaklqana.
    18 | D        | Found an opulent altar of Gozag.
    19 | D        | Found a glowing golden altar of the Shining One.
    19 | D        | Found a glowing silver altar of Zin.
    19 | D        | Found a basalt altar of Yredelemnul.
    19 | D        | Found a shimmering altar of Xom.
    19 | D        | Found an ornate altar of the Wu Jian Council.
    19 | D        | Found a sacrificial altar of Ru.
    19 | D        | Found a stormy altar of Qazlal.
    19 | D        | Found an iron altar of Okawaru.
    19 | D        | Found a sparkling altar of Nemelex Xobeh.
    19 | D        | Found a burning altar of Makhleb.
    19 | D        | Found a blossoming altar of Fedhas.
    19 | D        | Found a white marble altar of Elyvilon.
    19 | D        | Found a shadowy altar of Dithmenos.
    19 | D        | Found a snail-covered altar of Cheibriados.
    23 | D        | Found a corrupted altar of Lugonu.
    23 | D        | Found a radiant altar of Vehumet.
    24 | D        | Found a broken altar of Ashenzari.
    24 | D        | Found an ancient bone altar of Kikubaaqudgha.
    24 | D        | Found a hide-covered altar of Uskayaw.
    28 | D        | Became a worshipper of Gozag Ym Sagoz the Greedy
    63 | D        | Noticed a floating eye
    64 | D        | Paralysed by a floating eye for 2 turns
    68 | D        | Killed a floating eye
    69 | D        | Reached skill level 8 in Maces & Flails
    69 | D        | Reached XP level 2. HP: 29/29 MP: 2/2
    69 | D        | Reached XP level 3. HP: 36/36 MP: 3/3
    69 | D        | Reached XP level 4. HP: 44/44 MP: 4/4
   194 | D        | Noticed a scorpion
   194 | D        | Noticed an ice beast
   194 | D        | Noticed a floating eye
   200 | D        | Killed a scorpion
   201 | D        | Reached skill level 10 in Maces & Flails
   201 | D        | Reached XP level 5. HP: 52/52 MP: 5/5
   204 | D        | Killed an ice beast
   205 | D        | Reached skill level 11 in Maces & Flails
   205 | D        | Reached XP level 6. HP: 37/59 MP: 6/6
   206 | D        | Killed a floating eye
   207 | D        | Reached skill level 12 in Maces & Flails
   570 | D        | Noticed an orc warrior
   571 | D        | Noticed an orc warrior
   590 | D        | Reached skill level 1 in Armour
   590 | D        | Reached XP level 7. HP: 26/71 MP: 7/7
   601 | D        | Reached skill level 5 in Fighting
   601 | D        | Reached skill level 13 in Maces & Flails
   618 | D        | Reached skill level 5 in Dodging
   938 | D        | Reached XP level 8. HP: 77/87 MP: 8/8
   980 | D        | Noticed a demonic crawler
   986 | D        | Killed a demonic crawler
  1000 | D        | Reached skill level 5 in Armour
  1051 | D        | Bought the +8 mithril axe "Arga" {speed, Will+} for 904
                  | gold pieces
  1051 | D        | Found the +8 mithril axe "Arga" {speed, Will+}
  1060 | D        | Noticed a black mamba
  1060 | D        | Noticed a wind drake
  1064 | D        | HP: 1/89 [wind drake/the air (6)]
  1069 | D        | Killed a black mamba
  1070 | D        | Reached skill level 14 in Maces & Flails
  1079 | D        | Killed a wind drake
  1080 | D        | Reached skill level 10 in Fighting
  1080 | D        | Reached XP level 9. HP: 25/101 MP: 9/9
  1438 | D        | Noticed a freezing wraith
  1457 | D        | Killed a freezing wraith
  1458 | D        | Reached skill level 1 in Axes
  1468 | D        | Slain by a yak

Illustrated notes

Levels and vault maps discovered:
D:        pitsprint [storerooms_1, entrance_room_1, metal_vault_4, armoury_1,
          mini_pit_1, grid_room_1, main_hall_1, silver_pit, the_coven_3,
          the_vestibule_1, steel_vault_4, golden_pit, hallway_of_sentries,
          crystal_vault_3, iron_vault_1, final_vault]

Skill      XL: |  1  2  3  4  5  6  7  8  9 |
---------------+----------------------------+-----
Maces & Flails | 8 10 11 12 13 14 | 14.4
Fighting       | 4 7 10 | 10.6
Dodging        | 3 5 7 |  7.8
Armour         | 1 4 6 |  6.5
Axes           | 2 |  2.3
Throwing       | |  2.0

Action                   |  1- 3 |  4- 6 |  7- 9 || total
-------------------------+-------+-------+-------++-------
Melee: Flail             |     4 |    31 |    33 ||    68
       Giant club        |       |       |    29 ||    29
       Morningstar       |       |       |    16 ||    16
Invok: Call Merchant     |       |       |     1 ||     1
  Use: Potion            |       |     2 |     9 ||    11
 Stab: Invisible         |       |       |     1 ||     1
       Distracted        |       |       |     1 ||     1
Armor: Robe              |     1 |     2 |    17 ||    20
Dodge: Dodged            |       |     4 |    55 ||    59

Table legend: (Time is in decaauts)
 A = Elapsed time spent in this place.
 B = Non-inter-level travel time spent in this place.
 C = Inter-level travel time spent in this place.
 D = Time resting spent in this place.
 E = Time spent auto-exploring this place.
 F = Levels seen in this place.
 G = Mean time per level.
                   A        B        C        D        E       F      G
               +--------+--------+--------+--------+--------+-----+--------+
         Total |   1471 |   1471 |      0 |    980 |     37 |   1 | 1471.0 |
       Dungeon |   1471 |   1471 |      0 |    980 |     37 |   1 | 1471.0 |
               +--------+--------+--------+--------+--------+-----+--------+

Top non-repeatable levels by time:
       D: 1471 daAuts
